Map: Bel'Shir Vestige LE (Void)

Players

Musumeci

  • Race: Zerg Zerg
  • League: Diamond
  • Spawn Location: 11:00

MichyMoko - Winner!

  • Race: Zerg Zerg
  • Spawn Location: 5:00

VOD

Have the link to the VOD?

Description

Time

  • Played on: March 26, 2017, 12:06 p.m.
  • Length: 11:49
Show
View Real Time Build Order
Export as new Build Order

Musumeci Zerg 

Build Orders: Hatch First 

Get SALT Encoding   

  12  0:04  Drone  
  13  0:08  Drone  
  13  0:13  Extractor  
  13  0:15  Drone  
  15  0:22  Overlord  
  15  0:40  Drone x2  
  17  0:54  Hatchery  
  16  0:59  Drone  
  17  1:11  Spawning Pool  
  17  1:13  Drone, Extractor  
  17  1:17  Drone  
  17  1:20  Drone  
  18  1:30  Drone  
  19  1:40  Overlord  
  19  1:52  Drone  
  20  1:57  Queen  
  22  2:03  Zergling x2  
  22  2:06  Queen  
  22  2:07  Drone  
  26  2:13  Drone  
  27  2:16  Metabolic Boost  
  27  2:27  Drone x2  
  27  2:29  Drone  
  30  2:34  Drone  
  31  2:38  Baneling Nest  
  31  2:39  Queen  
  32  2:47  Overlord  
  32  2:57  Zergling x6  
  34  3:08  Zergling x4  
  34  3:12  Zergling x8  
  40  3:21  Baneling x3  
  40  3:22  Zergling x2  
  40  3:23  Zergling x6  
  43  3:52  Overlord x2  
  43  4:01  Baneling x3  
  43  4:06  Hatchery  
  31  4:26  Drone x11  
  42  4:41  Roach Warren  
  42  4:42  Extractor  
  42  4:43  Extractor  
  42  4:44  Lair  
  42  4:45  Drone x3  
  42  4:49  Zergling x4  
  44  4:58  Zergling x8  
  38  5:17  Queen  
  37  5:23  Zergling x8  
  37  5:28  Baneling  
  38  5:39  Drone  
  38  5:40  Drone x5  
  44  5:55  Hatchery  
  43  5:59  Zergling x6  
  46  6:05  Queen  
  43  6:29  Baneling  
  43  6:31  Drone  
  43  6:32  Drone x2  
  46  6:33  Roach x6  
  58  6:40  Glial Reconstitution  
  58  6:47  Evolution Chamber x2  
  58  6:50  Evolution Chamber  
  51  7:02  Overlord x2  
  51  7:03  Overlord  
  41  7:21  Roach  
  41  7:22  Roach x13  
  61  7:29  Roach  
  57  7:36  Roach x2  
  61  7:51  Ravager  
  55  7:52  Ravager  
  55  7:53  Ravager  
  55  7:59  Drone x2  
  55  8:00  Drone x2  
  59  8:09  Roach x2  
  63  8:15  Queen  
  65  8:21  Extractor  
  65  8:22  Zergling x4  
  66  8:31  Roach  
  69  8:34  Ravager  
  69  8:35  Ravager  
  68  8:44  Ravager  
  68  8:45  Ravager  
  68  8:46  Overseer  
  70  9:04  Roach x3  
  70  9:06  Overlord x3  
  76  9:24  Overlord x2  
  76  9:26  Roach  
  76  9:27  Roach  
  76  9:29  Ravager x3  
  75  9:48  Baneling x3  
  75  9:49  Baneling  
  62  9:53  Roach x5  
  51  10:07  Roach x3  
  54  10:09  Roach  
  56  10:21  Roach x2  
  58  10:37  Zergling x4  
  58  10:38  Zergling x2  
  58  10:40  Drone  
  58  10:41  Drone  
  58  10:42  Hatchery, Ravager  
  63  10:43  Ravager  
  64  10:54  Drone x3  
  67  11:06  Drone x5  
  63  11:17  Roach x2  
Show
View Real Time Build Order
Export as new Build Order

MichyMoko Zerg - Winner!

Build Orders: Hatch First 

Get SALT Encoding   

  12  0:01  Drone  
  13  0:12  Overlord  
  13  0:17  Drone  
  14  0:38  Drone x3  
  17  0:55  Hatchery  
  16  1:02  Drone  
  17  1:11  Spawning Pool  
  17  1:14  Drone  
  17  1:19  Extractor  
  17  1:20  Drone  
  17  1:36  Drone x2  
  19  1:43  Drone  
  20  1:55  Drone  
  21  2:05  Overlord  
  21  2:06  Queen  
  21  2:07  Queen  
  25  2:15  Zergling x2  
  26  2:31  Zergling x6  
  26  2:35  Zergling x2  
  30  2:39  Metabolic Boost  
  30  2:43  Zergling x2, Roach Warren  
  30  2:57  Drone x3  
  33  3:03  Overlord  
  33  3:07  Drone  
  33  3:09  Queen  
  36  3:20  Overlord  
  36  3:22  Drone x2  
  36  3:24  Drone  
  39  3:29  Drone, Extractor  
  39  3:40  Zergling x2  
  39  3:41  Zergling x8  
  38  3:52  Spine Crawler, Roach x2  
  41  4:07  Zergling x12  
  46  4:13  Zergling x2  
  36  4:25  Drone x5  
  36  4:29  Queen  
  43  4:33  Roach  
  45  4:40  Drone x2  
  47  4:45  Drone  
  47  4:46  Drone x2  
  50  5:01  Zergling x4  
  47  5:15  Overlord x4  
  42  5:37  Roach  
  42  5:38  Roach x5  
  54  5:45  Hatchery  
  54  5:48  Lair  
  53  5:52  Ravager  
  53  5:53  Roach x2  
  58  6:12  Roach x4  
  58  6:13  Roach x2  
  71  6:26  Hatchery  
  70  6:36  Drone x9  
  76  7:03  Roach x5  
  84  7:11  Overlord x3  
  84  7:12  Overlord  
  84  7:21  Roach  
  84  7:22  Overlord  
  85  7:30  Zergling x12  
  88  7:49  Roach x6  
  79  8:15  Roach  
  79  8:16  Roach x12  
  97  8:21  Ravager  
  97  8:22  Ravager  
  97  8:33  Overseer  
  97  8:34  Roach  
  96  8:44  Roach x2  
  100  9:02  Glial Reconstitution  
  100  9:09  Extractor  
  99  9:11  Extractor  
  98  9:17  Drone x4, Extractor  
  98  9:18  Drone x2  
  98  9:19  Roach x4  
  111  9:27  Drone  
  111  9:28  Drone x2  
  114  9:32  Extractor  
  114  9:33  Unknown  
  114  9:34  Roach x3  
  106  9:47  Roach x3  
  104  9:53  Roach  
  104  9:56  Queen  
  104  9:57  Zergling x2  
  104  9:58  Zergling x14  
  103  10:05  Unknown  
  97  10:29  Drone x2  
  97  10:30  Drone x2  
  97  10:31  Drone x2  
  102  10:38  Roach x6  
  102  10:40  Ravager  
  102  10:41  Ravager x2  
  116  10:47  Ravager  
  117  11:00  Roach  
  117  11:01  Roach x5  
  129  11:05  Overlord x3  
  125  11:21  Roach x2  
  128  11:27  Roach x4  
  128  11:28  Roach x8  
Tags
 
Add a new tag
Caveats
  • Supply blocks, unpowered buildings, or Contaminate may cause inaccurate times.
  • Supply counts are checked every 10 seconds.